 Dungeon Crawl Stone Soup version 0.31-a0-117-g42d8f58691 (webtiles) character file.

Game seed: 17417980826818051471

75 Esekla the Sneak (level 4, 0/31 HPs)
             Began as an Octopode Delver on May 31, 2023.
             Was an Initiate of Gozag.
             Slain by a centaur (1 damage)
             ... on level 5 of the Dungeon.
             The game lasted 00:01:54 (152 turns).

Esekla the Sneak (Octopode Delver)                   Turns: 152, Time: 00:01:55

Health: 0/31       AC:  1    Str: 14    XL:     4   Next: 31%
Magic:  5/5        EV: 14    Int: 14    God:    Gozag
Gold:   17         SH:  0    Dex: 16    Spells: 4/4 levels left

rFire   + . .        g - +10 short sword of the Hidden Vale {vamp, rF+ Str+3 Dex+3}
rCold   . . .        (no shield)
rNeg    . . .        (helmet restricted)
rPois   .            (no amulet)
rElec   .            (no ring)
rCorr   .            (no ring)
SInv    .            (no ring)
Will    .....        (no ring)
Stlth   +++++        (no ring)
HPRegen 0.25/turn    (no ring)
MPRegen 0.09/turn    (no ring)
                     (no ring)

%: no passive effects
@: gold aura
A: almost no armour, amphibious, 8 rings, camouflage 1, gelatinous body 1,
(nimble swimmer 1), tentacles
a: Renounce Religion, Potion Petition, Call Merchant, Bribe Branch


You were on level 5 of the Dungeon.
You worshipped Gozag.
Gozag was noncommittal.
You visited 2 branches of the dungeon, and saw 2 of its levels.

You collected 17 gold pieces.

Inventory:

Hand Weapons
 a - a +0 falchion
 g - the +10 short sword of the Hidden Vale (weapon) {vamp, rF+ Str+3 Dex+3}
   (You found it on level 5 of the Dungeon)

   Str:       It affects your strength (+3).
   Dex:       It affects your dexterity (+3).
   rF:        It protects you from fire.
Wands
 f - a wand of digging (3)
Scrolls
 b - a scroll of fog
Potions
 c - a potion of attraction {unknown}
 e - a potion of haste


   Skills:
 * Level 3.4 Fighting
 * Level 2.3 Long Blades
 * Level 2.6 Dodging
 + Level 7.4 Stealth
 * Level 0.9 Spellcasting


You had 4 spell levels left.
You didn't know any spells.
Your spell library was empty.

Dungeon Overview and Level Annotations

Branches:
Dungeon (5/15)             Temple (1/1) D:5

Altars:
Fedhas
Gozag
Okawaru
Ru
Trog

Portals:
Sewer: D:5


Innate Abilities, Weirdness & Mutations

You cannot wear most types of armour.
You are amphibious.
You can wear up to eight rings at the same time.
Your skin changes colour to match your surroundings (Stealth+).
Your rubbery body absorbs attacks. (AC +1, EV +1)
((You are camouflaged when in or above water. (Stealth+)))
You have tentacles for arms and can constrict up to eight enemies at once.


Message History

You barely resist. You puncture the orc priest!
Your grab misses the orc priest.
The orc priest is severely wounded.
A centaur comes into view.
The orc completely misses you.
You barely miss the orc priest.
The centaur shouts!
The orc priest shouts!
You grab the orc priest.
The orc priest is severely wounded.
You constrict the orc priest.
The orc priest calls down the wrath of Beogh upon you.
Pain shoots through your body! The orc barely misses you. x2
A centaur comes into view.
The centaur shouts!
You puncture the orc priest!
You feel better.
You kill the orc priest!
The orc misses you.
The orc priest calls down the wrath of Beogh upon you.
Beogh smites you!
Ouch! That really hurt!
* * * LOW HITPOINT WARNING * * *
The orc misses you.
You have reached level 4!
As you read the scroll of fear, it crumbles to dust.
You assume a fearsome visage.
The river rat looks frightened!
The centaur looks frightened!
The orc looks frightened! x3
The orc priest looks frightened!
You hear the rusting of a drain.
A bullfrog comes into view. 2 rats come into view.
Okay, then.
Okay, then.
The centaur hits you.
* * * LOW HITPOINT WARNING * * *
The centaur kicks you.
* * * LOW HITPOINT WARNING * * *
The orc is distracted by your dazzling golden aura.
The centaur barely misses you. The centaur kicks you.
You die...
Your body crumbles into a pile of gold.

**,,*,,,..~~~...........#...###..
,,,,,,,,r~~~~~.....o...##.<......
,*,,,,,,.~~∩~~........####.......
****,,,,r~~~~~...(....o..........
****,**,..~~~....................
,,**,**,.........................
8,****,,.........................
,,* *,**#......$c..>............
8,* *,**#....#.@#...............
,,* *,,,##...#.##...c..#....##..
∩,****,,.......##.........#...>..
,,**,,,,.......*#.#c###.......#..
****,**,...#...,..o..,,......####
****,***......#,,**,##,......**
*,,,,**,,.....*,**,,,**.....,,*
,,*****,......*,*,,**,*.##.#,**
,** **......*,,,,,,,,,*#.***


You could see a centaur and 2 orcs.

Vanquished Creatures
  A hound (D:5)
  An orc priest (D:5)
  An adder (D:5)
  A shadow imp (D:5)
  A rat (D:5)
5 creatures vanquished.

Notes
Turn   | Place    | Note
-------+----------+-------------------------------------------
     0 | D:5      | Esekla the Octopode Delver began the quest for the Orb.
     0 | D:5      | Reached XP level 1. HP: 16/16 MP: 1/1
     4 | D:5      | Identified the +10 short sword of the Hidden Vale {vamp,
                  | rF+ Str+3 Dex+3}
    15 | D:5      | Noticed an iguana
    19 | D:5      | Found a staircase to the Ecumenical Temple.
    28 | D:5      | Reached XP level 2. HP: 21/21 MP: 2/2
    29 | Temple   | Entered the Ecumenical Temple
    73 | Temple   | Became a worshipper of Gozag Ym Sagoz the Greedy
   113 | D:5      | Reached skill level 7 in Stealth
   113 | D:5      | Reached XP level 3. HP: 20/26 MP: 2/4
   141 | D:5      | Found a glowing drain.
   145 | D:5      | Noticed a centaur
   146 | D:5      | Noticed a centaur
   148 | D:5      | Reached XP level 4. HP: 5/31 MP: 5/5
   148 | D:5      | Noticed a bullfrog
   152 | D:5      | HP: 1/31 [centaur (2)]
   152 | D:5      | Slain by a centaur

Illustrated notes

Levels and vault maps discovered:
D:5:      layout_cave_pools, minmay_temple_entry_large_hall,
          portal_sewer_entry_a, serial_bayou, serial_bayou_pond_e,
          serial_bayou_shore_a, serial_bayou_lagoon_a, serial_bayou_pond_d,
          minmay_curled_crystal, nicolae_wooded_promenade, minmay_manual_mares,
          uniq_eustachio
Temple:   bh_familiar_temple

Skill      XL: |  1  2 |
---------------+-------+-----
Stealth        | 7 |  7.4
Fighting       | |  3.4
Long Blades    | |  2.3
Dodging        | |  2.6
Spellcasting   | |  0.9

Action                     |  1- 3 |  4- 6 || total
---------------------------+-------+-------++-------
  Melee: Short sword       |     9 |       ||     9
         Constrict         |     2 |       ||     2
         Tentacles         |     2 |       ||     2
    Use: Scroll            |     1 |     1 ||     2
  Dodge: Dodged            |     7 |     1 ||     8

Table legend: (Time is in decaauts)
 A = Elapsed time spent in this place.
 B = Non-inter-level travel time spent in this place.
 C = Inter-level travel time spent in this place.
 D = Time resting spent in this place.
 E = Time spent auto-exploring this place.
 F = Levels seen in this place.
 G = Mean time per level.
                   A        B        C        D        E       F      G
               +--------+--------+--------+--------+--------+-----+--------+
         Total |    151 |    126 |     25 |      0 |     26 |   2 |   75.5 |
       Dungeon |     81 |     81 |      0 |      0 |      0 |   1 |   81.0 |
        Temple |     69 |     44 |     25 |      0 |     26 |   1 |   69.0 |
               +--------+--------+--------+--------+--------+-----+--------+

Top non-repeatable levels by time:
     D:5: 81 daAuts
  Temple: 69 daAuts
